 Dungeon Crawl Stone Soup version 0.30-a0-561-g1b0378597e (webtiles) character file.

Game seed: 1990243893425528973

18 M4edhros the Charlatan (level 2, -1/18 HPs)
             Began as an Octopode Artificer on Dec 28, 2022.
             Slain by a goblin
             ... wielding a +0 club
             ... led by Robin
              (3 damage)
             ... on level 2 of the Dungeon.
             The game lasted 00:00:53 (867 turns).

M4edhros the Charlatan (Octopode Artificer)          Turns: 867, Time: 00:00:54

Health: -1/18      AC:  1    Str: 11    XL:     2   Next: 70%
Magic:  2/2        EV: 13    Int: 13    God:
Gold:   5          SH:  0    Dex: 12    Spells: 1/1 levels left

rFire   . . .      SeeInvis .      - Unarmed
rCold   . . .      Faith    .    (no shield)
rNeg    . . .      Spirit   .    (helmet restricted)
rPois   .          Reflect  .    (no amulet)
rElec   .          Harm     .    (no ring)
rCorr   .          Rampage  .    (no ring)
Will    .....                    (no ring)
Stlth   +++                      (no ring)
HPRegen 0.23/turn                (no ring)
MPRegen 0.08/turn                (no ring)
                                 (no ring)
                                 (no ring)

@: hasted, very quick
A: almost no armour, amphibious, 8 rings, camouflage 1, gelatinous body 1,
(nimble swimmer 1), tentacles
a: no special abilities


You were on level 2 of the Dungeon.
You visited 1 branch of the dungeon, and saw 2 of its levels.

You collected 5 gold pieces.

Inventory:

Missiles
 g - 4 poisoned darts
Wands
 b - a wand of flame (15) (quivered)
 c - a wand of charming (13)
 d - a wand of iceblast (4)
Scrolls
 e - 2 scrolls of fear {unknown}
 f - a scroll of silence {unknown}


   Skills:
 + Level 1.2 Fighting
 + Level 2.5 Dodging
 + Level 2.0 Stealth
 * Level 1.1 Unarmed Combat
 + Level 3.4 Evocations


You had one spell level left.
You didn't know any spells.
Your spell library was empty.

Dungeon Overview and Level Annotations

Branches:
Dungeon (2/15)

Altars:

Annotations:
D:2 Robin, Sigmund


Innate Abilities, Weirdness & Mutations

You cannot wear most types of armour.
You are amphibious.
You can wear up to eight rings at the same time.
Your skin changes colour to match your surroundings (Stealth+).
Your rubbery body absorbs attacks. (AC +1, EV +1)
((You are camouflaged when in or above water. (Stealth+)))
You have tentacles for arms and can constrict up to eight enemies at once.


Message History

Your Stealth skill increases to level 2!
You start resting.
HP restored.
There is a stone staircase leading down here.
You climb downwards.
Level annotation: Sigmund
There is a stone staircase leading up here.
The helpless goblin fails to defend itself.
You tentacle-slap the goblin.
You kill the goblin!
A hobgoblin and 2 goblins come into view.
Things that are here:
a +0 club; a goblin corpse The helpless Robin fails to defend themself.
You tentacle-slap Robin. You grab Robin.
Robin is lightly wounded.
You constrict Robin, but do no damage.
The goblin shouts!
The hobgoblin shouts!
The goblin shouts!
You hear a shout! x2
The goblin hits you with a +0 club. Robin throws the goblin at you!
You hear a shout!
You hear an angry hiss.
You tentacle-slap Robin.
Robin is moderately wounded.
You constrict Robin, but do no damage.
You hear a shout!
The goblin hits you with a +0 club. The goblin closely misses you.
Robin says, "My goblins will feast on your bones."
Robin hits you with a +0 spear.
It was a potion of haste.
You feel yourself speed up.
You constrict Robin. The goblin hits you with a +0 club.
* * * LOW HITPOINT WARNING * * *
The goblin hits you with a +0 club.
* * * LOW HITPOINT WARNING * * *
Robin roars a battlecry!
The goblins go into a battle-frenzy!
Aiming: Charm
Press: ? - help, Shift-Dir - straight line, f - Robin
Aim: Robin, wielding a +0 spear, wearing a +0 animal skin and wearing a +0 helmet (moderately wounded, constricted by you, chance to affect: 67%) Robin struggles to resist.
You constrict Robin. The goblin hits you with a +0 club.
You die...

#####
#g@g#
#g###
#g .g
###


You could see Robin, a hobgoblin (strong) and 3 goblins.

Vanquished Creatures
  A ball python (D:1)
  2 endoplasms (D:1)
  3 goblins
  A hobgoblin (D:1)
  3 jackals
  3 bats (D:1)
  A frilled lizard (D:1)
  A kobold (D:1)
  2 rats (D:1)
17 creatures vanquished.

Vanquished Creatures (others)
  A jackal (D:1)
1 creature vanquished.

Grand Total: 18 creatures vanquished

Notes
Turn   | Place    | Note
-------+----------+-------------------------------------------
     0 | D:1      | M4edhros the Octopode Artificer began the quest for the
                  | Orb.
     0 | D:1      | Reached XP level 1. HP: 13/13 MP: 1/1
   266 | D:1      | Reached XP level 2. HP: 18/18 MP: 2/2
   368 | D:1      | Reached skill level 1 in Unarmed Combat
   784 | D:2      | Noticed Sigmund
   861 | D:2      | Noticed Robin
   867 | D:2      | Slain by a goblin

Illustrated notes

Levels and vault maps discovered:
D:1:      minmay_arrival_split_and_join, layout_basic, minmay_hedge_maze,
          nrook_campfire, nrook_mini_vaults
D:2:      layout_basic, basic_altar, uniq_sigmund, uniq_robin

Skill      XL: |  1  2 |
---------------+-------+-----
Unarmed Combat | 1 |  1.1
Stealth        | 2 |  2.0
Fighting       | |  1.2
Dodging        | |  2.5
Evocations     | |  3.4

Action                   || total
-------------------------++-------
Melee: Unarmed           ||    35
       Tentacles         ||    10
       Constrict         ||     9
Evoke: Wand              ||     3
  Use: Potion            ||     1
 Stab: Sleeping          ||     8
Armor: Skin              ||     2
Dodge: Dodged            ||    19

Table legend: (Time is in decaauts)
 A = Elapsed time spent in this place.
 B = Non-inter-level travel time spent in this place.
 C = Inter-level travel time spent in this place.
 D = Time resting spent in this place.
 E = Time spent auto-exploring this place.
 F = Levels seen in this place.
 G = Mean time per level.
                   A        B        C        D        E       F      G
               +--------+--------+--------+--------+--------+-----+--------+
         Total |    866 |    808 |     58 |     92 |    589 |   2 |  433.0 |
       Dungeon |    866 |    808 |     58 |     92 |    589 |   2 |  433.0 |
               +--------+--------+--------+--------+--------+-----+--------+

Top non-repeatable levels by time:
     D:1: 855 daAuts
     D:2: 11 daAuts
